 Dungeon Crawl Stone Soup version 0.18.1-50-g88ac8fd (webtiles) character file.

30 Goblin1989 the Firebug (level 3, 15/24 HPs)
             Began as a Demonspawn Fire Elementalist on Oct 15, 2016.
             Quit the game on level 1 of the Dungeon.
             The game lasted 00:03:04 (542 turns).

Goblin1989 the Firebug (DsFE)                        Turns: 542, Time: 00:03:05

Health: 15/24      AC:  3    Str:  8    XL:     3   Next: 3%
Magic:  0/6        EV: 12    Int: 17    God:
Gold:   30         SH:  0    Dex: 13    Spells: 1 memorised, 5 levels left

rFire  . . .     SeeInvis .     (no weapon)
rCold  . . .     Gourm    .     a - +0 robe
rNeg   . . .     Faith    .     (no shield)
rPois  .         Spirit   .     (no helmet)
rElec  .         Dismiss  .     (no cloak)
rCorr  .         Reflect  .     (no gloves)
SustAt .         Harm     .     (no boots)
MR     .....                    (no amulet)
Stlth  ++........               (no ring)
                                (no ring)

@: not resistant to hostile enchantments, unstealthy
A: molten scales 1, spiny 1
a: no special abilities


You were on level 1 of the Dungeon.
You were not hungry.

You visited 1 branch of the dungeon, and saw 1 of its levels.

You collected 30 gold pieces.

Inventory:

Armour
 a - a +0 robe (worn)
Jewellery
 d - an uncursed amulet of the gourmand {unknown}
Potions
 e - a potion of magic {unknown}
Books
 b - a book of Flames

   Spells                             Type                      Level
   a - Flame Tongue                   Conjuration/Fire             1
   b - Throw Flame                    Conjuration/Fire             2
   c - Conjure Flame                  Conjuration/Fire             3
   d - Inner Flame                    Hexes/Fire                   3
   e - Sticky Flame                   Conjuration/Fire             4
   f - Fireball                       Conjuration/Fire             5
Comestibles
 c - a bread ration {@e1}
 f - a slice of pizza


   Skills:
 - Level 1.7 Dodging
 - Level 1.7 Stealth
 + Level 2.1 Spellcasting
 * Level 2.2 Conjurations
 * Level 3.1 Fire Magic


You had 5 spell levels left.
You knew the following spells:

 Your Spells              Type           Power        Failure   Level  Hunger
a - Flame Tongue          Conj/Fire      ##...        10%         1    #......


Dungeon Overview and Level Annotations

Branches:
Dungeon (1/15)

Altars:


Innate Abilities, Weirdness & Mutations

You are partially covered in molten scales (AC +1).
You are partially covered in sharp spines.


Message History

The flame tongue misses the gnoll.
The flame tongue hits the kobold.
You kill the kobold!
The gnoll hits you with a club.
You take 3 damage, and have 12/19 hp.
You now have 1/5 mp.
Casting: Flame Tongue
Confirm with . or Enter, or press ? or * to list all spells.
Aiming: Flame Tongue
Press: ? - help, Shift-Dir - straight line, f/p - gnoll
Aim: a gnoll, wielding a club (severely wounded)
The flame tongue hits the gnoll.
You kill the gnoll!
Your Conjurations skill increases to level 2!
You have reached level 3!
Your experience leads to an increase in your attributes!
Increase (S)trength, (I)ntelligence, or (D)exterity?
You feel clever.
Your demonic ancestry asserts itself...
Sharp spines emerge from parts of your body.
You regained 3 hp, and now have 15/24 hp.
You now have 0/6 mp.
Are you sure you want to abandon this character and quit the game? (Confirm with "yes".) ਜਜਜਜਜਜ ਜਜਜਜਜਜਜਜ

ਜ....ਜ ਜ......ਜ ਜ....ਜ ਜ......ਜ
ਜਜਜਜਜਜ....ਜਜਜਜਜਜਜਜਜਜਜਜ..(...ਜਜਜਜਜ
................@).).............
ਜਜਜਜਜਜ....ਜਜਜਜਜਜਜਜਜਜਜਜ......ਜਜਜਜਜ
ਜ....ਜ ਜਜਜਜਜਜਜਜਜਜ......ਜ ਜ....ਜ
ਜ.......ਜਜ......ਜ ਜ....ਜ
ਜ.......ਜਜਜਜਜਜ.ਜਜ
....[...........ਜ ਜ.ਜ
......ਜ..........ਜ ਜ.ਜ
......ਜ..........ਜ ਜ.ਜ ........ਜਜ
ਜ.ਜ ਜ


There were no monsters in sight!

Vanquished Creatures
  A gnoll (D:1)
  2 oozes (D:1)
  3 goblins (D:1)
  3 kobolds (D:1)
  A bat (D:1)
  A giant newt (D:1)
  3 rats (D:1)
14 creatures vanquished.

Notes
Turn   | Place    | Note
--------------------------------------------------------------
     0 | D:1      | Goblin1989 the Demonspawn Fire Elementalist began the quest for the Orb.
     0 | D:1      | Reached XP level 1. HP: 13/13 MP: 3/3
    68 | D:1      | Gained mutation: You are partially covered in molten scales (AC +1). [demonic ancestry]
    68 | D:1      | Reached XP level 2. HP: 19/19 MP: 1/5
   124 | D:1      | Reached skill level 3 in Fire Magic
   541 | D:1      | Gained mutation: You are partially covered in sharp spines. [demonic ancestry]
   541 | D:1      | Reached XP level 3. HP: 15/24 MP: 0/6
   542 | D:1      | Quit the game

Skill      XL: |  1  2 |
---------------+-------+-----
Fire Magic     | 3 |  3.1
Conjurations   | 2 |  2.2
Dodging        | |  1.7
Stealth        | |  1.7
Spellcasting   | |  2.1

Action                   || total
-------------------------++-------
 Cast: Flame Tongue      ||    31
Armor: Robe              ||     1
Dodge: Dodged            ||     8

Vault maps used:
D:1:      erik_arrival_gehennom
